 Dungeon Crawl Stone Soup version 0.22.1-1-ga44c0e5 (webtiles) character file.

243376 PeMo the Peltast (level 19, -23/168 HPs)
             Began as a Minotaur Fighter on Oct 15, 2018.
             Was the Champion of Hepliaklqana.
             Killed from afar by a purple draconian (31 damage)
             ... with a bolt of dispelling energy
             ... in a wizard's laboratory on Oct 16, 2018.
             The game lasted 04:01:19 (37726 turns).

PeMo the Peltast (Minotaur Fighter)                Turns: 37726, Time: 04:01:21

Health: -23/168    AC: 34    Str: 25      XL:     19   Next: 12%
Magic:  25/25      EV: 10    Int:  6      God:    Hepliaklqana [******]
Gold:   373        SH: 26    Dex: 12 (13) Spells: 18/18 levels left

rFire    + . .     SeeInvis .   o - +5 scimitar (vamp)
rCold    . . .     Gourm    .   H - +0 large shield {rF+}
rNeg     + + .     Faith    .   Q - +10 plate armour of Dor Ban {+Blink rPois rN+ Dex-4}
rPois    +         Spirit   .   l - +2 hat "Veicw" {rElec rN+ Dex+2}
rElec    +         Reflect  +   F - scarf {repulsion}
rCorr    .         Harm     .   J - +0 pair of gloves
MR       ++...     Rnd*Rage +   P - +2 pair of boots {Stlth+}
Stlth    ..........             g - +3 amulet of reflection
HPRegen  0.38/turn              k - ring of protection from magic
MPRegen  0.19/turn              b - +5 ring of slaying

@: hasted (expiring), repel missiles, very quick
A: retaliatory headbutt, reduced essence, horns 2, talons 1, agile 1, berserk 1,
deterioration 1
}: 1/15 runes: decaying
a: Recall Ancestor, Ancestor Identity, Transference, Idealise, Renounce
Religion, Evoke Blink


You were in a wizard's laboratory.
You worshipped Hepliaklqana.
Hepliaklqana was exalted by your worship.
You were not hungry.

You visited 6 branches of the dungeon, and saw 31 of its levels.
You also visited: Labyrinth, Ice Cave, Volcano and Wizlab.

You collected 4041 gold pieces.
You spent 3668 gold pieces at shops.

Inventory:

Hand Weapons
 c - the +6 hand crossbow of an ice cave {venom, -Tele rF+ Dex+2}
   (You found it on level 14 of the Dungeon)

   It poisons the ammo it fires.
   It affects your dexterity (+2).
   It protects you from fire.
   It prevents most forms of teleportation.
 o - a +5 vampiric scimitar (weapon)
 y - a +3 long sword of holy wrath
 L - a +2 scimitar of flaming
 Z - a +2 demon blade of electrocution
Missiles
 e - 16 silver javelins
 A - 20 javelins (quivered)
 D - 556 bolts
Armour
 h - the +4 plate armour "Zith" {+Fly rC+}
   (You bought it in a shop on level 1 of the Vaults)

   It protects you from cold.
   It lets you fly.
 l - the +2 hat "Veicw" (worn) {rElec rN+ Dex+2}
   (You acquired it on level 6 of the Dungeon)

   It affects your dexterity (+2).
   It insulates you from electricity.
   It protects you from negative energy.
 F - a scarf of repulsion (worn)
 H - a +0 large shield of fire resistance (worn)
 J - a +0 pair of gloves (worn)
 P - a +2 pair of boots of stealth (worn)
 Q - the +10 plate armour of Dor Ban (worn) {+Blink rPois rN+ Dex-4}
   (You bought it in a shop on level 1 of the Vaults)

   It affects your dexterity (-4).
   It protects you from poison.
   It protects you from negative energy.
   It lets you blink.
Jewellery
 a - an uncursed ring of positive energy
 b - a +5 ring of slaying (right hand)
 g - a +3 amulet of reflection (around neck)
 k - a ring of protection from magic (left hand)
 K - an uncursed ring of protection from fire
 O - an uncursed ring of ice
Wands
 p - a wand of scattershot (7)
 t - a wand of disintegration (51)
 B - a wand of digging (26)
 I - a wand of acid (14)
 X - a wand of iceblast (23)
Scrolls
 d - 13 scrolls of remove curse
 i - 5 scrolls of teleportation
 r - 2 scrolls of fog
 x - 6 scrolls of identify
 N - a scroll of magic mapping
 Y - a scroll of blinking
Potions
 m - 17 potions of curing
 n - 6 potions of flight
 u - 7 potions of agility
 G - a potion of might
 T - a potion of resistance
 W - 3 potions of cancellation
Miscellaneous
 j - 2 boxes of beasts
 w - a lamp of fire
 C - 2 sacks of spiders
 E - a phantom mirror
 V - a phial of floods
Comestibles
 f - 45 rations
 s - 16 chunks of flesh


   Skills:
 + Level 20.4 Fighting
 - Level 15.7 Long Blades
 + Level 5.9 Crossbows
 - Level 5.0 Throwing
 * Level 14.7 Armour
 - Level 8.1 Dodging
 - Level 20.6 Shields
 - Level 10.0 Invocations
 + Level 7.6 Evocations


You had 18 spell levels left.
You didn't know any spells.
Your spell library contained the following spells:

 Spells                   Type           Power        Failure   Level  Hunger
 Animate Skeleton         Necr           N/A          100%        1    ##.....
 Apportation              Tloc           #.....       100%        1    ##.....
 Beastly Appendage        Tmut           #.....       100%        1    ##.....
 Confusing Touch          Hex            #.....       100%        1    ##.....
 Corona                   Hex            #......      100%        1    ##.....
 Freeze                   Ice            #...         100%        1    ##.....
 Pain                     Necr           #...         100%        1    ##.....
 Sting                    Conj/Pois      #...         100%        1    ##.....
 Summon Butterflies       Summ           #.......     100%        1    ##.....
 Summon Small Mammal      Summ           #...         100%        1    ##.....
 Ensorcelled Hibernation  Hex/Ice        #.....       100%        2    ###....
 Poisonous Vapours        Pois/Air       #.....       100%        2    ###....
 Sticks to Snakes         Tmut           #.......     100%        2    ###....
 Throw Frost              Conj/Ice       #.....       100%        2    ###....
 Call Canine Familiar     Summ           #.......     100%        3    ####...
 Confuse                  Hex            #.......     100%        3    ####...
 Dazzling Spray           Conj/Hex       #.....       100%        3    ####...
 Gell's Gravitas          Tloc           #.........   100%        3    ####...
 Ignite Poison            Fire/Tmut/Pois #.......     100%        3    ####...
 Lesser Beckoning         Tloc           #.........   100%        3    ####...
 Mephitic Cloud           Conj/Pois/Air  #.......     100%        3    ####...
 Ozocubu's Armour         Chrm/Ice       #.......     100%        3    ####...
 Regeneration             Chrm/Necr      #.........   100%        3    ####...
 Spider Form              Tmut/Pois      #.........   100%        3    ####...
 Static Discharge         Conj/Air       #.......     100%        3    ####...
 Tukima's Dance           Hex            #.......     100%        3    ####...
 Vampiric Draining        Necr           #.........   100%        3    ####...
 Animate Dead             Necr           N/A          100%        4    #####..
 Ice Form                 Ice/Tmut       #.......     100%        4    #####..
 Leda's Liquefaction      Hex/Erth       #.........   100%        4    #####..
 Olgreb's Toxic Radiance  Pois           #.......     100%        4    #####..
 Passage of Golubria      Tloc           N/A          100%        4    #####..
 Petrify                  Tmut/Erth      #.......     100%        4    #####..
 Summon Ice Beast         Ice/Summ       #.......     100%        4    #####..
 Throw Icicle             Conj/Ice       #.......     100%        4    #####..
 Blade Hands              Tmut           #.........   100%        5    ######.
 Bolt of Magma            Conj/Fire/Erth #.........   100%        5    ######.
 Fireball                 Conj/Fire      #.........   100%        5    ######.
 Lightning Bolt           Conj/Air       #.........   100%        5    ######.
 Metabolic Englaciation   Hex/Ice        #.........   100%        5    ######.
 Summon Mana Viper        Hex/Summ       #.......     100%        5    ######.
 Venom Bolt               Conj/Pois      #.........   100%        5    ######.
 Yara's Violent Unravell  Hex/Tmut       #.........   100%        5    ######.
 Bolt of Fire             Conj/Fire      #.........   100%        6    #######
 Iron Shot                Conj/Erth      #.........   100%        6    #######
 Statue Form              Tmut/Erth      #........    100%        6    #######
 Ring of Flames           Chrm/Fire      #.........   100%        7    #######
 Summon Hydra             Summ           #.........   100%        7    #######
 Disjunction              Tloc           #.........   100%        8    #######
 Ignition                 Fire           #.........   100%        8    #######
 Shatter                  Erth           #.........   100%        9    #######
 Tornado                  Air            #.........   100%        9    #######


Dungeon Overview and Level Annotations

Branches:
Dungeon (15/15)            Temple (1/1) D:5            Lair (6/6) D:10
  Swamp (4/4) Lair:4        Snake (0/4) Lair:3        Slime (0/5) Lair:6
    Orc (2/2) D:12            Elf (0/3) Orc:2        Vaults (3/5) D:13
  Crypt (0/3) Vaults:2     Depths (0/5) D:15

Altars:
Ashenzari
Cheibriados
Dithmenos
Elyvilon
Fedhas
Gozag
Hepliaklqana
Kikubaaqudgha
Makhleb
Nemelex Xobeh
Okawaru
Qazlal
Ru
Sif Muna
Trog
Uskayaw
Vehumet
Wu Jian
Xom
Yredelemnul
Zin
The Shining One
Beogh
Jiyva

Shops:
D:6 **   Orc:2 *!}[   Vaults:1 [

Portals:
Pandemonium: Orc:2

Annotations:
WizLab exclusion: statue


Innate Abilities, Weirdness & Mutations

You reflexively headbutt those who attack you in melee.
You have a pair of horns on your head.
Your life essence is reduced to manifest your ancestor. (-10% HP)
You have sharp toenails.
You are agile. (Dex +2)
You tend to lose your temper in combat.
Your body sometimes deteriorates upon taking damage.


Message History

You are very lightly contaminated with residual magic.
You flicker back into view.
Daze hits the purple draconian with a dagger of draining.
Daze drains the purple draconian!
You block the purple draconian's attack.
The purple draconian hits Daze with a scimitar.
Okay, then.
You feel yourself speed up.
You block the purple draconian's attack.
Daze mumbles some strange words.
The purple draconian resists with almost no effort. x3
The purple draconian hits you but does no damage.
The purple draconian barely misses Daze.
Your magical contamination has completely faded away.
Daze hits the purple draconian with a dagger of draining.
Daze drains the purple draconian!
The purple draconian breathes dispelling energy at you.
The bolt of dispelling energy hits you!
Your magical effects are unravelling.
You die...

*****################
,**,##.#.#.#.#.#.#§§##
*,*,#§#§#.#.#.#.#§##∩##
,,,*§§§§......#.###§#§#
,,,§§§§........§@.§##§#
,,,8§§.........§§§§#∩##
,,,..§......(..d§§§##.#
,*,..#.....(d..§§§...##
,**,*#.#...(.....§.##.#
*,,,..*##...)........##
,**#**,#.#....R.....#.#
***,**#.#.#...d......##
***+**##.###........#.#


You could see 2 draconians.

Vanquished Creatures
  Rupert (D:15)
  A sphinx (Vaults:3)
  Donald (Orc:2)
  2 thorn hunters (Swamp:4)
  Roxanne (Swamp:4)
  Louise (D:15)
  6 vault wardens (Vaults:2)
  8 ironheart preservers
  The ghost of bmj180 the Brawler, a journeyman TrFi of Ru (D:14)
  2 stone giants (Vaults:2)
  Nessos (D:15)
  A very ugly thing (Swamp:1)
  A minotaur (Lab)
  2 purple draconians (WizLab)
  Josephine (D:10)
  A fire dragon (Lair:6)
  4 yaktaur captains
  A statue (WizLab)
  A crystal guardian (Vaults:2)
  3 ice dragons
  4 vault guards (D:13)
  Erolcha (D:9)
  28 hydras
  The ghost of kalagan the Geomancer, a journeyman DEEE of Sif Muna (Lair:3)
  A rakshasa (Vaults:2)
  3 death knights
  2 ghost crabs
  17 alligators
  6 centaur warriors
  5 ogre magi
  A catoblepas (Lair:6)
  Erica (D:11)
  17 two-headed ogres
  A deep troll earth mage (Vaults:2)
  5 death yaks (Lair:5)
  Urug (D:10)
  4 orc high priests (Orc:2)
  A vampire mage (Vaults:2)
  A spriggan berserker (Swamp:4)
  Sonja (Lair:4)
  2 deep elf knights
  A sun demon (Orc:2)
  2 spriggans (Swamp:4)
  A hell knight (Volcano)
  The ghost of HoaS the Fighter, a novice FoFi of Wu Jian (D:6)
  7 skeletal warriors
  A swamp dragon (shapeshifter) (Vaults:1)
  A sixfirhy (Orc:2)
  7 deep trolls
  A flayed ghost (Vaults:2)
  4 unseen horrors
  3 spriggan druids
  A wizard (Vaults:2)
  8 swamp dragons
  An infernal demonspawn (Orc:2)
  3 deep elf archers
  2 lindwurms (Lair:6)
  4 shambling mangroves
  A gelid demonspawn (Orc:2)
  14 orc knights
  4 phantasmal warriors
  3 harpies (Vaults:2)
  3 ironbrand convokers
  2 necromancers
  A wolf spider zombie (D:13)
  8 orc sorcerers
  An oklob plant (Swamp:3)
  17 deep elf magi
  A frost giant zombie (D:15)
  11 ugly things
  5 manticores
  12 cyclopes
  A stone giant skeleton (D:15)
  4 vault sentinels
  7 elephants
  A rust devil (Orc:2)
  A smoke demon (Volcano)
  2 black mambas
  2 molten gargoyles (Volcano)
  Psyche (D:11)
  2 centaur skeletons (D:13)
  5 torpor snails (Lair:6)
  A gargoyle (D:11)
  23 spiny frogs
  A spiny frog (shapeshifter) (Vaults:2)
  3 rime drakes
  9 freezing wraiths
  An efreet (D:15)
  7 komodo dragons
  2 red devils
  24 yaktaurs
  5 trolls
  15 hornets
  2 raiju (Lair:6)
  9 polar bears (Lair:6)
  11 tyrant leeches
  A blink frog (shapeshifter) (Vaults:1)
  8 hippogriffs
  A deep troll zombie (D:15)
  12 blink frogs (Lair:6)
  33 slime creatures
  9 bog bodies
  4 shadows
  A hippogriff (shapeshifter) (Vaults:1)
  7 wraiths
  5 wyverns
  A ynoxinul (Orc:2)
  2 humans (shapeshifter)
  A human (D:8)
  2 fire bats (Volcano)
  46 yaks
  4 basilisks
  A chaos spawn (Orc:2)
  2 death yak simulacra (IceCv)
  A hog (shapeshifter) (Vaults:1)
  Grum (D:11)
  A yaktaur simulacrum (Vaults:2)
  13 vampire mosquitoes
  A hungry ghost (D:8)
  2 steam dragons
  A hexer (Vaults:2)
  6 insubstantial wisps (Swamp:3)
  4 nagas (Lair:3)
  A human zombie (D:15)
  9 swamp worms
  6 wargs
  4 water moccasins
  13 hell hounds
  8 porcupines
  13 ice beasts
  40 orc warriors
  A sky beast (D:10)
  11 swamp drakes
  A sky beast (shapeshifter) (Vaults:3)
  2 phantoms
  12 black bears
  2 necrophages
  7 boggarts
  18 centaurs
  19 ogres
  16 wolves
  11 crocodiles
  6 big kobolds
  16 bullfrogs
  A scorpion (D:8)
  8 killer bees
  10 wights
  4 electric eels
  4 howler monkeys
  4 crimson imps
  4 bullfrog zombies
  5 lava snakes (Volcano)
  2 quasits
  A centaur zombie (D:6)
  24 orc priests
  5 jellies
  22 orc wizards
  2 bullfrog skeletons
  6 hounds
  Crazy Yiuf (D:4)
  Jessica (D:3)
  Ijyb (D:3)
  8 iguanas
  10 worker ants
  A troll simulacrum (IceCv)
  A wolf simulacrum (IceCv)
  A hound skeleton (D:11)
  A worker ant zombie (D:6)
  Robin (D:2)
  A howler monkey zombie (D:6)
  18 adders
  5 river rats (D:5)
  4 shadow imps
  4 white imps (IceCv)
  2 oozes
  An adder skeleton (D:8)
  2 worms
  5 dart slugs
  6 leopard geckos
  78 orcs
  9 giant cockroaches
  17 goblins
  9 hobgoblins
  5 jackals
  23 kobolds
  5 quokkas
  4 ball pythons
  5 bats
  5 frilled lizards
  A leopard gecko skeleton (D:6)
  22 rats
  2 briar patches (Swamp:4)
  A plant (Lair:6)
1161 creatures vanquished.

Vanquished Creatures (collateral kills)
  An ironheart preserver (Vaults:3)
  2 hydras
  2 two-headed ogres
  3 alligators
  An orc high priest (Orc:2)
  A deep elf knight (Vaults:2)
  A deep troll (Vaults:2)
  A skeletal warrior (D:14)
  2 swamp dragons
  An orc knight (Vaults:1)
  A wolf spider zombie (D:15)
  An ironbrand convoker (Vaults:1)
  2 deep elf magi
  3 ugly things
  An orc sorcerer (Orc:1)
  An elephant (Lair:2)
  2 spiny frogs (Swamp:1)
  A centaur skeleton (D:13)
  A freezing wraith (IceCv)
  A yaktaur (Vaults:2)
  A redback zombie (D:14)
  2 tyrant leeches
  2 hornets (Swamp:2)
  A polar bear (Lair:3)
  4 slime creatures
  A hippogriff (Lair:5)
  2 spriggans
  3 yaks
  A hungry ghost (D:13)
  A vampire mosquito (Swamp:1)
  2 wargs (Lair:6)
  4 swamp worms
  A naga (Lair:3)
  An acid dragon (Vaults:2)
  A porcupine (Lair:4)
  2 hell hounds (Lair:6)
  2 swamp drakes (Swamp:4)
  4 orc warriors
  A black bear (Lair:6)
  A phantom (D:10)
  4 wolves
  A centaur (Vaults:2)
  3 ogres
  2 bullfrogs
  A killer bee (D:10)
  A hound (D:8)
  3 orc priests
  An orc wizard (Orc:2)
  A wolf simulacrum (IceCv)
  A white imp (IceCv)
  8 orcs
  3 kobolds
  A quokka (D:12)
96 creatures vanquished.

Vanquished Creatures (others)
  A thorn hunter (Swamp:3)
  A deep elf knight (Vaults:2)
  A slime creature (Swamp:3)
  A tyrant leech (Swamp:2)
  A swamp worm (Swamp:3)
  43 hexers
  3 ancestors
  2 briar patches (Swamp:4)
  8 fungi
  24 plants
  A withered plant (D:15)
86 creatures vanquished.

Grand Total: 1343 creatures vanquished

Notes
Turn   | Place    | Note
-------+----------+-------------------------------------------
     0 | D:1      | PeMo the Minotaur Fighter began the quest for the Orb.
     0 | D:1      | Reached XP level 1. HP: 19/19 MP: 0/0
   309 | D:1      | Found a glowing golden altar of the Shining One.
   325 | D:1      | Reached XP level 2. HP: 23/27 MP: 1/1
   919 | D:2      | Noticed Robin
   924 | D:2      | Killed Robin
   924 | D:2      | Reached XP level 3. HP: 26/33 MP: 2/2
   975 | D:2      | Reached XP level 4. HP: 35/40 MP: 3/3
  1616 | D:3      | Noticed Ijyb
  1629 | D:3      | Killed Ijyb
  1629 | D:3      | Reached XP level 5. HP: 38/47 MP: 4/4
  1788 | D:3      | Noticed Jessica
  1790 | D:3      | Killed Jessica
  1805 | D:3      | Reached skill level 5 in Long Blades
  2238 | D:4      | Reached skill level 5 in Fighting
  2238 | D:4      | Reached skill level 5 in Shields
  2238 | D:4      | Reached XP level 6. HP: 42/56 MP: 5/5
  2500 | D:4      | Reached XP level 7. HP: 55/62 MP: 6/6
  2808 | D:4      | Found a runed door.
  2814 | D:4      | Noticed Crazy Yiuf
  2820 | D:4      | Killed Crazy Yiuf
  2926 | D:5      | Entered Level 5 of the Dungeon
  3392 | D:5      | Found a staircase to the Ecumenical Temple.
  3868 | D:6      | Found Jafio's Assorted Antiques.
  3871 | D:6      | Found Wanoj's Assorted Antiques.
  3878 | D:6      | Bought a scroll labeled LUORPHU AX PAHU for 32 gold pieces
  3892 | D:6      | Bought a scroll labeled XEYNOUDAIM for 30 gold pieces
  3892 | D:6      | Bought a murky coppery potion for 27 gold pieces
  3892 | D:6      | Bought a murky coppery potion for 27 gold pieces
  3898 | D:6      | Got a polished hat
  3904 | D:6      | Identified the +2 hat "Veicw" {rElec rN+ Dex+2} (You
                  | acquired it on level 6 of the Dungeon)
  3961 | D:6      | Found a large runed door.
  3961 | D:6      | Found a large runed door.
  3963 | D:6      | Noticed HoaS's ghost (novice FoFi)
  4075 | D:6      | Reached XP level 8. HP: 63/71 MP: 7/7
  4331 | Temple   | Entered the Ecumenical Temple
  4481 | Temple   | Became a worshipper of Hepliaklqana the Forgotten
  4721 | D:7      | Reached skill level 10 in Long Blades
  5466 | D:8      | Reached XP level 9. HP: 70/73 MP: 8/8
  5837 | D:8      | Reached skill level 5 in Armour
  5932 | D:8      | Found the +7 sceptre of Torment
  5957 | D:8      | Found a sacrificial altar of Ru.
  6043 | D:8      | Found a radiant altar of Vehumet.
  6068 | D:8      | Reached * piety under Hepliaklqana
  6306 | D:9      | Found a snail-covered altar of Cheibriados.
  6311 | D:8      | Found a glowing golden altar of the Shining One.
  6311 | D:8      | Found a blossoming altar of Fedhas.
  6361 | D:9      | Found an iron altar of Okawaru.
  6400 | D:9      | Found an ornate altar of the Wu Jian Council.
  6406 | D:9      | Found a sacrificial altar of Ru.
  6511 | D:9      | Reached skill level 10 in Fighting
  6511 | D:9      | Reached XP level 10. HP: 47/83 MP: 9/9
  6674 | D:9      | Got an opalescent robe
  6807 | D:9      | Got a pitted leather armour
  6808 | D:9      | Identified the +3 leather armour "Ikytaw" {*Contam rF+ rN+
                  | Str+4} (You found it on level 9 of the Dungeon)
  6809 | D:9      | Identified the +4 robe of the City {Str+2} (You found it on
                  | level 9 of the Dungeon)
  6812 | D:9      | Noticed a two-headed ogre
  6829 | D:9      | Killed a two-headed ogre
  7134 | D:9      | Noticed Erolcha
  7137 | D:9      | Paralysed by Erolcha for 7 turns
  7146 | D:9      | Killed Erolcha
  7342 | D:10     | Entered Level 10 of the Dungeon
  7346 | D:10     | Noticed Urug
  7362 | D:10     | Killed Urug
  7527 | D:10     | Reached skill level 1 in Invocations
  7535 | D:10     | Reached ** piety under Hepliaklqana
  7539 | D:10     | Remembered your ancestor Daze as a hexer
  7809 | D:10     | Found a staircase to the Lair.
  7809 | D:10     | Noticed an elephant
  7819 | D:10     | Killed an elephant
  7827 | D:10     | Reached XP level 11. HP: 58/91 MP: 11/11
  7872 | D:10     | Noticed Josephine
  7894 | D:10     | Killed Josephine
  8162 | D:11     | Noticed Psyche
  8176 | D:11     | Killed Psyche
  8176 | D:11     | Reached skill level 10 in Armour
  8321 | D:11     | Found a frozen archway.
  8539 | IceCv    | Entered an ice cave
  8816 | IceCv    | Reached skill level 5 in Invocations
  9767 | IceCv    | Found an ancient bone altar of Kikubaaqudgha.
  9813 | IceCv    | Noticed a necromancer
 10092 | D:11     | Noticed a white ugly thing
 10100 | D:11     | Killed a white ugly thing
 10118 | D:11     | Noticed Erica
 10126 | D:11     | Killed Erica
 10126 | D:11     | Reached skill level 1 in Dodging
 10165 | D:11     | Reached XP level 12. HP: 75/104 MP: 14/14
 10552 | D:11     | Noticed a two-headed ogre
 10560 | D:11     | Noticed a two-headed ogre
 10561 | D:11     | Killed a two-headed ogre
 10576 | D:11     | Killed a two-headed ogre
 10826 | D:11     | Noticed a two-headed ogre
 10842 | D:11     | Killed a two-headed ogre
 10944 | D:11     | Reached *** piety under Hepliaklqana
 11072 | D:11     | Reached skill level 15 in Fighting
 11275 | D:11     | Noticed Grum
 11284 | D:11     | Killed Grum
 12147 | Lair:1   | Entered Level 1 of the Lair of Beasts
 12375 | Lair:1   | Reached skill level 5 in Dodging
 12488 | Lair:1   | Noticed a four-headed hydra
 12494 | Lair:1   | Killed a two-headed hydra
 12850 | Lair:2   | Reached **** piety under Hepliaklqana
 13033 | Lair:2   | Reached XP level 13. HP: 89/115 MP: 15/15
 13129 | Lair:2   | Found a transporter.
 13388 | Lair:2   | Found a transporter.
 13758 | Lair:3   | Found a runed door.
 13758 | Lair:3   | Noticed kalagan's ghost (journeyman DEEE)
 13822 | Lair:3   | Found a staircase to the Snake Pit.
 14364 | Lair:3   | You fall through a shaft!
 14372 | Lair:4   | Reached ***** piety under Hepliaklqana
 14527 | Lair:4   | Noticed Sonja
 14537 | Lair:4   | Killed Sonja
 14639 | Lair:4   | Reached skill level 1 in Throwing
 14983 | Lair:4   | Found a staircase to the Swamp.
 15263 | Lair:4   | You fall through a shaft for 2 floors!
 15263 | Lair:6   | Entered Level 6 of the Lair of Beasts
 15782 | Lair:6   | Reached skill level 10 in Shields
 15814 | Lair:5   | Found a labyrinth entrance.
 15858 | Lair:5   | Got an ancient trident
 15866 | Lab      | Entered a labyrinth
 16085 | Lab      | Identified the +8 trident "Lim Ocvo" {protect, rElec Str+2
                  | Int-2} (You found it on level 5 of the Lair of Beasts)
 16186 | Lab      | Noticed a minotaur
 16210 | Lab      | Killed a minotaur
 16253 | Lab      | Identified the Collected Works on Orientation
 16334 | Lair:5   | Found a dark tunnel.
 16339 | Volcano  | Entered a volcano
 16717 | Volcano  | Found a radiant altar of Vehumet.
 16938 | Volcano  | Reached XP level 14. HP: 122/126 MP: 14/16
 17129 | Lair:5   | Gained mutation: You tend to lose your temper in combat.
                  | [potion of mutation]
 17129 | Lair:5   | Gained mutation: You are agile. (Dex +2) [potion of
                  | mutation]
 17129 | Lair:5   | Gained mutation: Your body sometimes deteriorates upon
                  | taking damage. [potion of mutation]
 17129 | Lair:5   | Gained mutation: You have sharp toenails. [potion of
                  | mutation]
 17372 | Lair:5   | Reached ****** piety under Hepliaklqana
 18392 | D:6      | Killed HoaS's ghost
 18684 | Lair:6   | Identified the +2 robe "Boehoer" {rPois rF+ Str+2 Stlth-}
                  | (You found it on level 6 of the Lair of Beasts)
 18852 | Lair:6   | Found a viscous altar of Jiyva.
 18852 | Lair:6   | Found a staircase to the Slime Pits.
 18891 | Lair:6   | Reached skill level 5 in Throwing
 19519 | Lair:6   | Got an ichor-stained leather armour
 19530 | Lair:6   | Identified the +0 leather armour of Cuczoif {rCorr Stlth+}
                  | (You found it on level 6 of the Lair of Beasts)
 19867 | Lair:6   | Found a runed door.
 19922 | Lair:6   | Paralysed by a hornet for 1 turns
 20420 | Lair:3   | Killed kalagan's ghost
 20728 | D:13     | Found a gate to the Vaults.
 20799 | D:13     | Reached XP level 15. HP: 43/135 MP: 19/19
 22185 | D:12     | Found a staircase to the Orcish Mines.
 22845 | Orc:1    | Entered Level 1 of the Orcish Mines
 23127 | Orc:2    | Entered Level 2 of the Orcish Mines
 23371 | Orc:2    | Noticed Donald
 23407 | Orc:2    | Killed Donald
 24187 | Orc:2    | Found a staircase to the Elven Halls.
 24374 | Orc:2    | Found Honos's Distillery.
 24385 | Orc:2    | Found Tetyaray's General Store.
 24520 | Orc:2    | Bought a potion of cancellation for 120 gold pieces
 24520 | Orc:2    | Bought a potion of heal wounds for 75 gold pieces
 24520 | Orc:2    | Bought a potion of curing for 45 gold pieces
 24520 | Orc:2    | Bought 2 potions of curing for 90 gold pieces
 24520 | Orc:2    | Bought a potion of haste for 150 gold pieces
 24522 | Orc:2    | Bought a potion of brilliance for 56 gold pieces
 24522 | Orc:2    | Bought a scroll of remove curse for 42 gold pieces
 24522 | Orc:2    | Bought a potion of cancellation for 112 gold pieces
 24623 | Orc:2    | Reached skill level 15 in Shields
 24909 | Orc:2    | Found Josa's Antique Armour Boutique.
 24909 | Orc:2    | Found a one-way gate leading to the halls of Pandemonium.
 24909 | Orc:2    | Found Oqepory's Gadget Shop.
 24917 | Orc:2    | Bought a pair of glowing boots for 210 gold pieces
 24929 | Orc:2    | Bought a wand of clouds (4) for 384 gold pieces
 25233 | Swamp:1  | Entered Level 1 of the Swamp
 25302 | Swamp:1  | Reached skill level 1 in Evocations
 25890 | Swamp:1  | Reached XP level 16. HP: 144/144 MP: 21/21
 27958 | Swamp:3  | Noticed a thorn hunter
 27967 | Swamp:3  | Killed a thorn hunter
 27979 | Swamp:4  | Entered Level 4 of the Swamp
 28074 | Swamp:4  | Reached skill level 5 in Evocations
 28112 | Swamp:4  | Noticed Roxanne
 28511 | Swamp:4  | Killed Roxanne
 29037 | Swamp:3  | Reached XP level 17. HP: 144/151 MP: 22/22
 30915 | Swamp:4  | Got a decaying rune of Zot
 31263 | D:14     | Reached skill level 15 in Long Blades
 31326 | D:14     | Found a runed gate.
 31326 | D:14     | Noticed bmj180's ghost (journeyman TrFi)
 31327 | D:14     | Found a runed gate.
 31328 | D:14     | Found a runed gate.
 31328 | D:14     | Found a roughly hewn altar of Beogh.
 32059 | D:15     | Entered Level 15 of the Dungeon
 32731 | D:15     | Noticed Nessos
 32753 | D:15     | Killed Nessos
 32991 | D:15     | Found a staircase to the Depths.
 33055 | D:15     | Noticed Louise
 33070 | D:15     | Killed Louise
 33110 | D:15     | Noticed Rupert
 33124 | D:15     | Killed Rupert
 33456 | D:14     | Killed bmj180's ghost
 33494 | D:14     | Got a smoking great sword {protect}
 33506 | D:14     | Identified the cursed +1 great sword of Famine {protect,
                  | +Rage +Fly Str-5 Dex+4} (You took it off an orc knight on
                  | level 14 of the Dungeon)
 33519 | D:14     | Got a faintly glowing hand crossbow
 33556 | D:14     | Identified the +6 hand crossbow of an ice cave {venom,
                  | -Tele rF+ Dex+2} (You found it on level 14 of the Dungeon)
 34235 | Vaults:1 | Entered Level 1 of the Vaults
 34415 | Vaults:1 | Identified the +11 shortbow "Goblinslayer" {freeze, Dex+4}
                  | (You found it on level 1 of the Vaults)
 34896 | Vaults:1 | Reached XP level 18. HP: 159/159 MP: 24/24
 35057 | Vaults:1 | Found Peustu's Antique Armour Emporium.
 35066 | Vaults:1 | Bought a spiked plate armour for 756 gold pieces
 35066 | Vaults:1 | Bought a heavily runed plate armour for 756 gold pieces
 35066 | Vaults:1 | Bought a translucent plate armour for 756 gold pieces
 35080 | Vaults:1 | Identified the +4 plate armour "Zith" {+Fly rC+} (You
                  | bought it in a shop on level 1 of the Vaults)
 35090 | Vaults:1 | Identified the +10 plate armour of Bedevilment {rElec
                  | Str+4} (You bought it in a shop on level 1 of the Vaults)
 35100 | Vaults:1 | Identified the +10 plate armour of Dor Ban {+Blink rPois
                  | rN+ Dex-4} (You bought it in a shop on level 1 of the
                  | Vaults)
 35348 | Vaults:2 | Reached skill level 1 in Crossbows
 35922 | Vaults:2 | Reached skill level 10 in Invocations
 36470 | Vaults:2 | Found a staircase to the Crypt.
 36710 | Vaults:2 | Reached skill level 5 in Crossbows
 37434 | Vaults:3 | Reached XP level 19. HP: 168/168 MP: 25/25
 37580 | Vaults:3 | Found a magical portal.
 37600 | WizLab   | Entered Iskenderun's Mystic Tower
 37722 | WizLab   | HP: 6/168 [purple draconian/bolt of dispelling energy (23)]
 37726 | WizLab   | Killed from afar by a purple draconian

Skill      XL: |  1  2  3  4  5  6  7  8  9 10 11 12 13 14 15 16 17 18 |
---------------+-------------------------------------------------------+-----
Long Blades    | 3 4 5 6 8 11 12 14 15 | 15.7
Fighting       | 4 5 6 8 10 11 13 15 17 18 19 20 | 20.4
Armour         | 4 6 9 10 11 14 | 14.7
Shields        | 4 5 8 10 13 16 19 20 | 20.6
Invocations    | 2 5 7 9 10 | 10.0
Dodging        | 1 5 8 |  8.1
Throwing       | 4 5 |  5.0
Evocations     | 2 5 7 |  7.6
Crossbows      | 5 |  5.9

Action                   |  1- 3 |  4- 6 |  7- 9 | 10-12 | 13-15 | 16-18 | 19-21 || total
-------------------------+-------+-------+-------+-------+-------+-------+-------++-------
Melee: Long sword        |    61 |   214 |   299 |   358 |       |       |       ||   932
       Headbutt          |     6 |    35 |    57 |   171 |   325 |   519 |    17 ||  1130
       Scimitar          |       |       |       |   207 |  1125 |  1269 |    60 ||  2661
       Demon blade       |       |       |       |       |       |   180 |       ||   180
Throw: Tomahawk          |       |       |     2 |    10 |       |       |       ||    12
       Javelin           |       |       |       |       |    33 |    22 |     3 ||    58
Invok: Ancestor Life: He |       |       |       |     1 |       |       |       ||     1
       Recall Ancestor   |       |       |       |     1 |     3 |     9 |       ||    13
       Ancestor Identity |       |       |       |     1 |       |       |       ||     1
       Transference      |       |       |       |     1 |       |    12 |       ||    13
 Abil: Evoke Berserk Rag |       |       |     1 |       |       |       |       ||     1
Evoke: Wand              |       |       |       |    16 |    13 |    12 |       ||    41
       Lamp of fire      |       |       |       |       |     2 |     1 |       ||     3
       Sack of spiders   |       |       |       |       |     2 |       |       ||     2
       Phantom mirror    |       |       |       |       |     1 |       |       ||     1
  Use: Potion            |     1 |       |     5 |    15 |    12 |     6 |     2 ||    41
       Scroll            |       |     7 |     3 |     8 |    10 |    13 |     2 ||    43
 Stab: Distracted        |       |       |       |     3 |    11 |    13 |       ||    27
       Confused          |       |       |       |       |     7 |     8 |       ||    15
       Petrified         |       |       |       |       |     4 |       |       ||     4
       Paralysed         |       |       |       |       |    16 |    49 |     3 ||    68
       Sleeping          |       |       |       |       |       |     1 |       ||     1
  Eat: Chunk             |       |    15 |    18 |    27 |    43 |    40 |       ||   143
       Ration            |       |       |       |       |     1 |       |       ||     1
Armor: Scale mail        |    28 |   127 |    91 |       |       |       |       ||   246
       Plate armour      |       |       |    37 |   294 |   350 |   243 |    14 ||   938
       Chain mail        |       |       |       |       |     3 |       |       ||     3
       Swamp dragon scal |       |       |       |       |       |   140 |       ||   140
Dodge: Dodged            |    17 |    40 |    81 |   154 |   252 |   375 |    10 ||   929
       Deflected         |       |       |       |       |     6 |     9 |       ||    15
Block: Shield            |    27 |    30 |       |       |       |       |       ||    57
       Buckler           |       |    43 |    62 |   102 |    44 |       |       ||   251
       Large shield      |       |       |       |       |   715 |  1341 |    45 ||  2101
       Reflection        |       |       |       |       |       |     3 |     5 ||     8
       Rpst.: Long sword |     3 |     7 |    15 |    26 |       |       |       ||    51
       Scimitar          |       |       |       |    18 |    64 |    31 |     1 ||   114
       Demon blade       |       |       |       |       |       |     5 |       ||     5
